 Dungeon Crawl Stone Soup version 0.20.0-15-g7f486f2 (webtiles) character file.

2478 Mysteryquy the Covert (level 9, -1/42 HPs)
             Began as a Spriggan Enchanter on June 16, 2017.
             Was a Believer of Dithmenos.
             Slain by a wyvern zombie (15 damage)
             ... on level 7 of the Dungeon on June 17, 2017.
             The game lasted 00:36:48 (9859 turns).

Mysteryquy the Covert (Spriggan Enchanter)          Turns: 9859, Time: 00:36:48

Health: -1/42      AC:  3    Str:  8    XL:     9   Next: 27%
Magic:  20/20      EV: 21    Int: 19    God:    Dithmenos [**....]
Gold:   219        SH:  0    Dex: 17    Spells: 17/22 levels left

rFire    . . .     SeeInvis +   t - -3 rapier (curse)
rCold    . . .     Gourm    .   (shield restricted)
rNeg     . . .     Faith    .   b - +1 robe
rPois    .         Spirit   .   (helmet restricted)
rElec    .         Reflect  .   (no cloak)
rCorr    .         Harm     .   (gloves unavailable)
MR       +....                  (boots unavailable)
Stlth    +++++++...             (no amulet)
Regen    0.2/turn               m - ring of stealth
MPRegen  0.2/turn               f - +4 ring of strength

@: wreathed by umbra, very quick
A: unfitting armour, see invisible, herbivore 3, speed 3, slow metabolism 2
a: Shadow Step, Renounce Religion


You were on level 7 of the Dungeon.
You worshipped Dithmenos.
Dithmenos was pleased with you.
You were hungry.

You visited 2 branches of the dungeon, and saw 9 of its levels.

You collected 269 gold pieces.
You spent 50 gold pieces at shops.

Inventory:

Hand Weapons
 a - a +1 dagger
 t - a cursed -3 rapier (weapon)
Armour
 b - a +1 robe (worn)
 r - a cursed +0 robe
Jewellery
 f - a +4 ring of strength (right hand)
 l - an uncursed ring of protection from cold
 m - a ring of stealth (left hand)
 p - an uncursed ring of flight
Wands
 k - a wand of confusion (48/48)
 v - a wand of confusion (29/48)
Scrolls
 e - 9 scrolls of identify
 h - 2 scrolls of recharging
 j - 3 scrolls of amnesia
 o - 2 scrolls of enchant armour
 u - 2 scrolls of magic mapping
Potions
 g - 3 potions of curing
 n - 2 potions of heal wounds
 q - 4 potions of lignification
 s - a potion of invisibility
 w - a potion of agility
 z - a potion of cancellation
 A - a potion of flight
Books
 c - a book of Maledictions

   Spells                             Type                      Level
   a - Corona                         Hexes                        1
   b - Ensorcelled Hibernation        Hexes/Ice                    2
   c - Confuse                        Hexes                        3
   d - Tukima's Dance                 Hexes                        3
   e - Dazzling Spray                 Conjuration/Hexes            3
Comestibles
 d - 5 bread rations
 i - 2 royal jellies


   Skills:
 + Level 2.1 Fighting
 + Level 4.6 Short Blades
 + Level 5.3 Dodging
 + Level 11.4 Stealth
 + Level 7.3 Spellcasting
 + Level 6.6 Hexes
 + Level 3.3 Ice Magic


You had 17 spell levels left.
You knew the following spells:

 Your Spells              Type           Power        Failure   Level  Hunger
a - Tukima's Dance        Hex            ####....     1%          3    #......
b - Ensorcelled Hibernat  Hex/Ice        ####..       1%          2    None


Dungeon Overview and Level Annotations

Branches:
Dungeon (8/15)             Temple (1/1) D:6
   Lair: D:8-11

Altars:
Ashenzari
Cheibriados
Dithmenos
Elyvilon
Fedhas
Gozag
Hepliaklqana
Kikubaaqudgha
Makhleb
Nemelex Xobeh
Okawaru
Qazlal
Ru
Sif Muna
Trog
Uskayaw
Vehumet
Xom
Yredelemnul
Zin
The Shining One

Shops:
D:6 !

Annotations:
D:3 ANON1729's ghost, amateur TeCj
D:8 Naow's ghost, novice OpFE


Innate Abilities, Weirdness & Mutations

You are very small and have problems with some larger weapons.
You are too small for most types of armour.
You have supernaturally acute eyesight. (SInv)
You are a herbivore.
You cover ground extremely quickly.
You need consume almost no food.


Message History

You start resting.
Magic restored.
You start resting.
You hit the wyvern zombie.
The wyvern zombie is lightly damaged.
The wyvern zombie barely misses you.
You hit the wyvern zombie but do no damage.
The wyvern zombie is lightly damaged.
The wyvern zombie completely misses you. x2
You hit the wyvern zombie but do no damage.
The wyvern zombie is lightly damaged.
The wyvern zombie bites you!
You hit the wyvern zombie but do no damage.
The wyvern zombie is lightly damaged.
The wyvern zombie completely misses you.
You hit the wyvern zombie but do no damage.
The wyvern zombie is lightly damaged.
The wyvern zombie bites you but does no damage.
The wyvern zombie bites you!
You die...

##....))....##<........
##............#####.....
##..............## #.....
##................## #####
##..................#
##...................#
#....................#
#..........Z.........#
#..........@.........#
#....................#
##...................#
###..................#
#...................##
#..................##
#.).)#............##
#..[.##..........##
#....###........############


You could see a wyvern zombie.

Vanquished Creatures
  A wyvern (D:8)
  A hungry ghost (D:7)
  An orc warrior (D:7)
  A sky beast (D:5)
  3 ogres
  A black bear (D:5)
  2 centaurs
  2 bullfrogs (D:7)
  2 scorpions
  A howler monkey (D:4)
  8 crimson imps
  2 orc priests (D:6)
  5 hounds
  3 jellies
  6 orc wizards
  A bullfrog skeleton (D:6)
  2 iguanas
  4 worker ants
  A worker ant zombie (D:6)
  9 gnolls
  8 adders
  2 shadow imps
  3 oozes (D:1)
  4 worms
  5 dart slugs
  5 leopard geckos
  14 orcs
  6 giant cockroaches
  5 goblins
  3 hobgoblins
  6 jackals
  4 kobolds
  A quokka (D:5)
  A ball python skeleton (D:4)
  11 bats
  8 frilled lizards
  A quokka skeleton (D:4)
  7 rats
150 creatures vanquished.

Vanquished Creatures (collateral kills)
  An ogre (D:7)
  A gnoll (D:6)
  An orc (D:7)
3 creatures vanquished.

Vanquished Creatures (others)
  2 dancing weapons
2 creatures vanquished.

Grand Total: 155 creatures vanquished

Notes
Turn   | Place    | Note
-------+----------+-------------------------------------------
     0 | D:1      | Mysteryquy the Spriggan Enchanter began the quest for the Orb.
     0 | D:1      | Reached XP level 1. HP: 9/9 MP: 5/5
    27 | D:1      | Reached XP level 2. HP: 13/13 MP: 6/6
   576 | D:1      | Reached skill level 5 in Stealth
   607 | D:1      | Reached XP level 3. HP: 13/16 MP: 8/8
  1041 | D:1      | Learned a level 2 spell: Ensorcelled Hibernation
  2257 | D:2      | Reached XP level 4. HP: 21/21 MP: 8/10
  2441 | D:3      | Noticed ANON1729's ghost (amateur TeCj)
  2466 | D:3      | Found a glowing silver altar of Zin.
  2919 | D:3      | Reached skill level 6 in Stealth
  3248 | D:3      | Reached skill level 1 in Ice Magic
  3248 | D:3      | Reached XP level 5. HP: 24/25 MP: 8/11
  3482 | D:3      | Found a hide-covered altar of Uskayaw.
  3730 | D:4      | Noticed an ogre
  3739 | D:4      | Killed an ogre
  3739 | D:4      | Reached skill level 1 in Fighting
  3739 | D:4      | Reached skill level 7 in Stealth
  3817 | D:4      | Noticed an ogre
  3843 | D:4      | Reached XP level 6. HP: 13/30 MP: 5/12
  4458 | D:4      | Found a bloodstained altar of Trog.
  4484 | D:5      | Entered Level 5 of the Dungeon
  4566 | D:5      | Noticed a sky beast
  4581 | D:5      | Killed a sky beast
  4581 | D:5      | Reached XP level 7. HP: 33/33 MP: 7/14
  4788 | D:5      | Reached skill level 8 in Stealth
  4984 | D:5      | HP: 1/33 [orc wizard/magic dart (9)]
  5013 | D:5      | Reached skill level 5 in Hexes
  5255 | D:5      | Reached skill level 5 in Spellcasting
  5941 | D:6      | Found a snail-covered altar of Cheibriados.
  6453 | D:6      | Learned a level 3 spell: Tukima's Dance
  6775 | D:6      | Found a staircase to the Ecumenical Temple.
  6793 | Temple   | Entered the Ecumenical Temple
  6891 | Temple   | Became a worshipper of Dithmenos the Shadowed
  7144 | D:6      | Reached skill level 9 in Stealth
  7144 | D:6      | Reached XP level 8. HP: 39/39 MP: 12/17
  7528 | D:6      | Found Ulaek's Distillery.
  7533 | D:6      | Bought a potion of heal wounds for 50 gold pieces
  7971 | D:6      | Found a blossoming altar of Fedhas.
  8322 | D:6      | Reached * piety under Dithmenos
  8445 | D:7      | Reached skill level 5 in Dodging
  8637 | D:8      | Noticed Naow's ghost (novice OpFE)
  8638 | D:8      | Reached skill level 10 in Stealth
  8731 | D:7      | Reached skill level 11 in Stealth
  8731 | D:7      | Reached XP level 9. HP: 11/42 MP: 2/20
  9791 | D:8      | Reached ** piety under Dithmenos
  9859 | D:7      | Slain by a wyvern zombie

Skill      XL: |  1  2  3  4  5  6  7  8  9 |
---------------+----------------------------+-----
Hexes          | 4 5 6 |  6.6
Spellcasting   | 3 4 5 6 7 |  7.3
Stealth        | 5 6 7 9 11 | 11.4
Ice Magic      | 1 2 3 |  3.3
Short Blades   | 2 3 4 |  4.6
Fighting       | 1 2 |  2.1
Dodging        | 4 5 |  5.3

Action                   |  1- 3 |  4- 6 |  7- 9 || total
-------------------------+-------+-------+-------++-------
Melee: Dagger            |   100 |   147 |   255 ||   502
       Rapier            |       |       |    52 ||    52
 Cast: Ensorcelled Hiber |    13 |    25 |   105 ||   143
       Tukima's Dance    |       |       |     5 ||     5
  Use: Scroll            |       |       |    16 ||    16
       Potion            |       |       |     3 ||     3
 Stab: Sleeping          |    20 |    26 |    63 ||   109
       Distracted        |       |     1 |     3 ||     4
  Eat: Fruit             |       |     2 |     6 ||     8
Armor: Robe              |     2 |    26 |    26 ||    54
       Skin              |       |       |    18 ||    18
Dodge: Dodged            |    54 |   127 |   241 ||   422
